 Dungeon Crawl Stone Soup version 0.27.0-1-g7a089689b8 (webtiles) character file.

Game seed: 11865535891068695366

119 dtburroughs the Skirmisher (level 5, 0/33 HPs)
             Began as a Gargoyle Berserker on Aug 4, 2021.
             Was a Believer of Trog.
             Killed from afar by a white imp (7 damage)
             ... with a puff of frost
             ... on level 3 of the Dungeon.
             The game lasted 00:03:33 (2932 turns).

dtburroughs the Skirmisher (Gargoyle Berserker)     Turns: 2932, Time: 00:03:33

Health: 0/33       AC: 16    Str: 20    XL:     5   Next: 3%
Magic:  5/5        EV:  3    Int:  8    God:    Trog [**....]
Gold:   100        SH:  7    Dex: 10    Spells: 4/4 levels left

rFire    . . .     SeeInvis .   r - +0 flail
rCold    . . .     Faith    .   o - +0 kite shield
rNeg     + + .     Spirit   .   s - +0 plate armour
rPois    ∞         Reflect  .   (no helmet)
rElec    +         Harm     .   (no cloak)
rCorr    .         Rampage  .   e - +0 pair of gloves
Will     .....                  (no boots)
Stlth    ..........             (no amulet)
HPRegen  0.11/turn              g - ring of positive energy
MPRegen  0.09/turn              (no ring)

@: no status effects
A: sickness immunity, AC +4, negative energy resistance 1, electricity
resistance, torment resistance 1, petrification resistance
a: Renounce Religion, Berserk, Trog's Hand


You were on level 3 of the Dungeon.
You worshipped Trog.
Trog was pleased with you.
You visited 1 branch of the dungeon, and saw 3 of its levels.

You collected 100 gold pieces.

Inventory:

Hand Weapons
 a - a +0 mace
 r - a +0 flail (weapon)
Armour
 e - a +0 pair of gloves (worn)
 o - a +0 kite shield (worn)
 s - a +0 plate armour (worn)
Jewellery
 g - a ring of positive energy (left hand)
Scrolls
 c - 4 scrolls of identify {unknown}
 d - a scroll of vulnerability {unknown}
 f - a scroll of brand weapon {unknown}
 h - a scroll of blinking {unknown}
 j - a scroll of summoning {unknown}
 l - a scroll of magic mapping {unknown}
 n - a scroll of enchant weapon {unknown}
 p - a scroll of enchant armour {unknown}
 q - 2 scrolls of teleportation {unknown}
Potions
 i - a potion of haste {unknown}
 k - a potion of attraction {unknown}


   Skills:
 + Level 4.1 Fighting
 + Level 3.8 Maces & Flails
 + Level 3.2 Armour
 + Level 2.4 Dodging
 + Level 0.3 Shields


You had 4 spell levels left.
You didn't know any spells.
Your spell library was empty.

Dungeon Overview and Level Annotations

Branches:
Dungeon (3/15)

Altars:


Innate Abilities, Weirdness & Mutations

You are immune to sickness and miasma.
Your stone body is resilient. (AC +4)
You are immune to poison.
You resist negative energy. (rN+)
You are resistant to electric shocks. (rElec)
You are resistant to unholy torment.
You are immune to petrification.


Message History

The white imp hits you but does no damage.
The goblin hits you with a +0 club.
You hit the white imp.
The white imp is moderately wounded.
The white imp hits you but does no damage.
You block the goblin's attack.
You sock the white imp!
The white imp is almost dead.
The white imp gestures at you. The puff of frost hits you.
The goblin hits you with a +0 club. The white imp gestures at you.
The puff of frost hits you but does no damage.
You block the goblin's attack.
Your shield and plate armour prevent you from hitting the white imp.
The white imp is almost dead.
The white imp gestures at you.
The puff of frost hits you but does no damage.
The goblin barely misses you.
You closely miss the white imp.
The white imp is almost dead.
The white imp hits you but does no damage.
The goblin hits you but does no damage. The white imp hits you.
The white imp freezes you. You block the goblin's attack.
You closely miss the white imp.
The white imp is almost dead.
The white imp gestures at you.
The puff of frost hits you but does no damage.
You block the goblin's attack.
You barely miss the white imp.
The white imp is almost dead.
The white imp hits you. The white imp freezes you.
* * * LOW HITPOINT WARNING * * *
The goblin hits you but does no damage.
The white imp hits you but does no damage.
You block the goblin's attack.
You closely miss the white imp.
The white imp is almost dead.
The white imp gestures at you. The puff of frost hits you!
You die...

#####.##.)##.#.##.#
#.....†....#..<...#
#.....#.:..#.#.####
...#####..##.#.#
..##.###'##....#
..#..)'.#####.#####
#.##.###†...##.#..
#..### #(....#.#g#
##.....#.....#.#@#
#....#.....#[#5#
#...##...##.#.#
....#####....#
..#.....###.#
...............#
...........##o# .
........... .. ##
.#####..#.. .#


You could see a white imp and a goblin.

Vanquished Creatures
  Jessica (D:3)
  An adder (D:3)
  A worm (D:2)
  2 dart slugs
  4 orcs (D:3)
  5 ball pythons
  4 endoplasms
  2 giant cockroaches
  3 goblins
  14 hobgoblins
  7 jackals
  8 kobolds
  A quokka (D:1)
  5 bats
  A frilled lizard (D:3)
  5 rats
64 creatures vanquished.

Vanquished Creatures (others)
  5 fungi (D:2)
  3 plants (D:2)
8 creatures vanquished.

Grand Total: 72 creatures vanquished

Notes
Turn   | Place    | Note
-------+----------+-------------------------------------------
     0 | D:1      | dtburroughs the Gargoyle Berserker began the quest for the
                  | Orb.
     0 | D:1      | Reached XP level 1. HP: 14/14 MP: 1/1
   319 | D:1      | Reached XP level 2. HP: 10/19 MP: 2/2
  1308 | D:2      | Reached XP level 3. HP: 23/23 MP: 3/3
  1431 | D:2      | Reached ** piety under Trog
  2364 | D:2      | Found a faded altar of an unknown god.
  2450 | D:3      | Noticed Jessica
  2457 | D:3      | Killed Jessica
  2458 | D:3      | Reached XP level 4. HP: 29/29 MP: 4/4
  2575 | D:3      | Reached skill level 4 in Fighting
  2916 | D:3      | Reached XP level 5. HP: 26/33 MP: 5/5
  2932 | D:3      | Killed from afar by a white imp

Illustrated notes

Levels and vault maps discovered:
D:1:      saegor_arrival_under_anarchy, layout_basic
D:2:      layout_loops_ring, shapermc_ecumenical_altar_hornbeckon,
          minmay_goblin_outpost
D:3:      layout_loops_cross, nicolae_dithmenos_shadow_blocks,
          minmay_joined_circles, uniq_jessica, uniq_sigmund

Skill      XL: |  1  2  3  4 |
---------------+-------------+-----
Dodging        | 2 |  2.4
Armour         | 3 |  3.2
Fighting       | 4 |  4.1
Maces & Flails | |  3.8
Shields        | |  0.3

Action                   |  1- 3 |  4- 6 || total
-------------------------+-------+-------++-------
Melee: Mace              |   114 |    89 ||   203
       Flail             |       |    30 ||    30
Invok: Berserk           |     1 |       ||     1
       Trog's Hand       |       |     1 ||     1
 Stab: Sleeping          |     1 |       ||     1
       Distracted        |     1 |       ||     1
Armor: Animal skin       |    64 |       ||    64
       Ring mail         |       |    71 ||    71
       Plate armour      |       |    28 ||    28
Dodge: Dodged            |   115 |    76 ||   191
Block: Kite shield       |       |    52 ||    52
